 Dungeon Crawl Stone Soup version 0.30.0-19-g36f170ea60 (webtiles) character file.

Game seed: 107140475553706725

108 cheesebisquit the Grave Robber (level 4, -7/25 HPs)
             Began as a Deep Elf Necromancer on May 29, 2023.
             Killed from afar by a white imp (13 damage)
             ... with a puff of frost
             ... on level 3 of the Dungeon.
             The game lasted 00:06:58 (1844 turns).

cheesebisquit the Grave Robber (DENe)               Turns: 1844, Time: 00:06:58

Health: -7/25      AC:  3    Str:  5    XL:     4   Next: 58%
Magic:  3/11       EV: 13    Int: 22    God:
Gold:   84         SH:  0    Dex: 15    Spells: 6/10 levels left

rFire   . . .        e - +0 dagger
rCold   . . .        (no shield)
rNeg    . . .        a - +0 robe
rPois   .            (no helmet)
rElec   .            (no cloak)
rCorr   .            (no gloves)
SInv    .            d - +0 pair of boots
Will    .....        (no amulet)
Stlth   ++           (no ring)
HPRegen 0.24/turn    (no ring)
MPRegen 0.12/turn

%: no passive effects
@: no status effects
A: no striking features
a: no special abilities


You were on level 3 of the Dungeon.
You visited 1 branch of the dungeon, and saw 3 of its levels.

You collected 84 gold pieces.

Inventory:

Hand Weapons
 e - a +0 dagger (weapon)
 f - a +0 club
 g - a +0 hand axe
Missiles
 l - 13 boomerangs
Armour
 a - a +0 robe (worn)
 d - a +0 pair of boots (worn)
 m - a +0 buckler
Magical Staves
 o - a staff of air
Jewellery
 n - a ring of fire
Scrolls
 b - a scroll of noise {unknown}
 c - 6 scrolls of identify {unknown}
 i - 3 scrolls of teleportation {unknown}
 j - a scroll of fog {unknown}
Potions
 h - a potion of degeneration {unknown}
 k - a potion of haste {unknown}
 p - a potion of mutation {unknown}
 q - a potion of attraction {unknown}


   Skills:
 + Level 1.3 Fighting
 + Level 3.3 Dodging
 + Level 3.5 Stealth
 + Level 3.9 Spellcasting
 + Level 5.4 Necromancy


You had 6 spell levels left.
You knew the following spells:

 Your Spells              Type           Power      Damage    Failure   Level
a - Necrotise             Necr           100%       1d9       1%          1
b - Vampiric Draining     Necr           28%        2d8       3%          3

Your spell library contained the following spells:

 Spells                   Type           Power      Damage    Failure   Level
 Animate Dead             Necr           28%        N/A       12%         4
 Blink                    Tloc           8%         N/A       17%         2
 Ensorcelled Hibernation  Hex/Ice        8%         N/A       17%         2
 Lesser Beckoning         Tloc           8%         N/A       17%         2
 Momentum Strike          Conj/Tloc      8%         3d8       17%         2
 Agony                    Necr           28%        N/A       32%         5
 Spider Form              Tmut/Pois      4%         N/A       34%         3
 Anguish                  Hex/Necr       8%         N/A       36%         4


Dungeon Overview and Level Annotations

Branches:
Dungeon (3/15)

Altars:
Kikubaaqudgha


Message History

Your rat skeleton barely misses the white imp.
The adder writhes in agony!
You kill the adder!
The dead are slithering!
The white imp gestures at you.
The puff of frost hits your rat skeleton.
Your rat skeleton resists.
Your rat skeleton is destroyed!
A white imp is nearby!
The white imp hits your goblin skeleton.
The white imp freezes your goblin skeleton.
Your goblin skeleton completely resists.
Your rat skeleton bites the white imp but does no damage.
Found an ancient bone altar of Kikubaaqudgha.
The white imp hits your rat skeleton.
The white imp freezes your rat skeleton.
Your rat skeleton resists.
Your goblin skeleton hits the white imp but does no damage.
Found a robe.
The white imp shouts, "Turn tail, thou underdone tardy-gaited toady!"
The white imp hits you. The white imp freezes you.
Your rat skeleton barely misses the white imp.
Your goblin skeleton hits the white imp.
You can't see any susceptible monsters within range! (Use Z to cast anyway.)
You hit the white imp but do no damage.
The white imp is lightly wounded.
The white imp completely misses you.
Your rat skeleton closely misses the white imp.
Your goblin skeleton hits the white imp but does no damage.
The white imp gestures at you. The puff of frost hits you!
* * * LOW HITPOINT WARNING * * *
Your rat skeleton closely misses the white imp.
Your goblin skeleton hits the white imp but does no damage.
You hit the white imp.
The white imp is moderately wounded.
The white imp gestures at you. The puff of frost hits you!
Ouch! That really hurt!
You die...

.......# #..# .......#
#..#.#.P. .# ~~.....#
#..#..... [P## ..~....#
#..#....# ..P#
..~....###..#._..##...#
~~..........#....#.P..#
⌠.......###.#........#
..~~....# #.# #.P...P#
~~..~.....#.###5@.P.#
....~...#.....ZZZ..##
..~~......###...#.##
)~~....#.## #).##.#
~~~###.#.# #..## .# ~~#
. ..... ## ## . ####..
.. .. .... .. ....


You could see a white imp (ally target), a friendly adder skeleton, a friendly
rat skeleton and a friendly goblin skeleton.

Vanquished Creatures
  An orc priest (D:3)
  2 adders (D:3)
  A worm (D:3)
  A dart slug (D:1)
  3 orcs (D:3)
  A ball python (D:2)
  5 endoplasms
  A giant cockroach (D:3)
  8 goblins
  7 hobgoblins
  3 quokkas
  4 bats
  5 frilled lizards (D:1)
  4 kobolds
  6 rats
52 creatures vanquished.

Vanquished Creatures (collateral kills)
  A ball python (D:3)
1 creature vanquished.

Grand Total: 53 creatures vanquished

Notes
Turn   | Place    | Note
-------+----------+-------------------------------------------
     0 | D:1      | cheesebisquit the Deep Elf Necromancer began the quest for
                  | the Orb.
     0 | D:1      | Reached XP level 1. HP: 10/10 MP: 6/6
   242 | D:1      | Reached XP level 2. HP: 15/15 MP: 5/8
   363 | D:1      | Reached skill level 5 in Necromancy
  1057 | D:2      | Found a faded altar of an unknown god.
  1223 | D:2      | Reached XP level 3. HP: 14/20 MP: 6/9
  1516 | D:1      | Learned a level 3 spell: Vampiric Draining
  1633 | D:3      | Reached skill level 1 in Fighting
  1633 | D:3      | Reached XP level 4. HP: 25/25 MP: 6/11
  1840 | D:3      | Found an ancient bone altar of Kikubaaqudgha.
  1844 | D:3      | Killed from afar by a white imp

Illustrated notes

Levels and vault maps discovered:
D:1:      lightli_arrival_statue_moat, layout_basic
D:2:      layout_rooms, hellmonk_ecumenical_altar_lost_god
D:3:      cheibrodos_helix_gallery, layout_rooms, kiku_gazebo_garden_becter,
          uniq_crazy_yiuf_cottage, uniq_jessica

Skill      XL: |  1  2  3 |
---------------+----------+-----
Necromancy     | 5 |  5.4
Stealth        | 3 |  3.5
Fighting       | 1 |  1.3
Dodging        | 3 |  3.3
Spellcasting   | |  3.9

Action                     |  1- 3 |  4- 6 || total
---------------------------+-------+-------++-------
  Melee: Dagger            |       |     2 ||     2
   Cast: Necrotise         |    54 |    30 ||    84
    Use: Potion            |       |     3 ||     3
  Dodge: Dodged            |     7 |    17 ||    24
